 Dungeon Crawl Stone Soup version 0.29.0-4-gdea44cf6ec (webtiles) character file.

Game seed: 2001803796307031061

11 qw the Sneak (level 2, 0/19 HPs)
             Began as a Gargoyle Delver on Sept 10, 2022.
             Slain by an orc
             ... wielding a +0 flail
              (1 damage)
             ... on level 3 of the Dungeon.
             The game lasted 00:00:07 (626 turns).

qw the Sneak (Gargoyle Delver)                       Turns: 626, Time: 00:00:08

Health: 0/19       AC:  5    Str: 15    XL:     2   Next: 29%
Magic:  2/2        EV: 11    Int: 10    God:
Gold:   33         SH:  0    Dex: 11    Spells: 1/1 levels left

rFire   . . .      SeeInvis .   Y - +0 hand axe
rCold   . . .      Faith    .   (no shield)
rNeg    + . .      Spirit   .   b - +0 leather armour
rPois   inf        Reflect  .   (no helmet)
rElec   +          Harm     .   (no cloak)
rCorr   .          Rampage  .   (no gloves)
Will    .....                   (no boots)
Stlth   +++.......              (no amulet)
HPRegen 0.06/turn               (no ring)
MPRegen 0.08/turn               (no ring)

@: no status effects
A: sickness immunity, AC +2, negative energy resistance 1, electricity
resistance, torment resistance 1, petrification resistance
a: no special abilities


You were on level 3 of the Dungeon.
You visited 1 branch of the dungeon, and saw 3 of its levels.

You collected 33 gold pieces.


Innate Abilities, Weirdness & Mutations

You are immune to sickness and miasma.
Your stone body is resilient. (AC +2)
You are immune to poison.
You resist negative energy. (rN+)
You are resistant to electric shocks. (rElec)
You are resistant to unholy torment.
You are immune to petrification.


   Skills:
 - Level 3.2 Fighting
 + Level 2.6 Axes
 - Level 1.5 Dodging
 - Level 5.4 Stealth


You had one spell level left.
You didn't know any spells.
Your spell library was empty.

Inventory:

Hand Weapons
 c - a +0 club
 Y - a +0 hand axe (weapon)
Armour
 b - a +0 leather armour (worn)
 d - a +0 ring mail
Wands
 g - a wand of digging (3)
Scrolls
 h - a scroll of silence {unknown}
Potions
 a - 2 potions of berserk rage {unknown}
 e - a potion of might {unknown}
 f - a potion of haste

Dungeon Overview and Level Annotations

Branches:
Dungeon (5/15)
 Temple: D:4-7

Altars:
Wu Jian


Message History

The dart slug is severely wounded.
The dart slug barely misses you.
You hit the dart slug.
The dart slug is severely wounded.
The dart slug launches a dart at you.
The slug dart hits you but does no damage.
You hit the dart slug.
You kill the dart slug!
You open the door.
There is an open door here.
You open the door.
Found a stone staircase leading down.
There is an open door here.
You now have 23 gold pieces (gained 12).
h - a scroll labelled FORCHU UTUUS You now have 33 gold pieces (gained 10).
You open the door.
There is an open door here.
There is an open door here.
You open the door. 2 orcs come into view.
The orc shouts! x2; You hear a shout!
An orc comes into view. It is wielding a +1 dagger of draining.
You closely miss the orc. The orc hits you with a +0 mace.
You hit the orc.
The orc is heavily wounded.
The orc hits you but does no damage.
You hit the orc.
The orc is moderately wounded.
You barely miss the orc.
The orc is moderately wounded.
You closely miss the orc.
The orc is moderately wounded.
The orc hits you with a +0 flail.
You closely miss the orc.
The orc is heavily wounded.
You hit the orc but do no damage. The orc hits you with a +0 mace.
The orc hits you with a +0 flail.
You die...

#......#.....############
#......#............# #
#......#............# #
########.####.......# #
#.# #.......#####
####'####^......+....
#.......#.......#)..#
#...............#...#
#...@o.....####.....#
####o#.....# ####+##
#o####### #.# #.# #.# #.#
#.#


You could see 3 orcs.

Vanquished Creatures
  An adder (D:5)
  A dart slug (D:3)
2 creatures vanquished.

Vanquished Creatures (others)
  3 plants (D:4)
3 creatures vanquished.

Grand Total: 5 creatures vanquished

Notes
Turn   | Place    | Note
-------+----------+-------------------------------------------
     0 | D:5      | qw the Gargoyle Delver began the quest for the Orb.
     0 | D:5      | Reached XP level 1. HP: 14/14 MP: 1/1
     0 | D:5      | 0 ||| qw: Version: 0.1-a-116-g5d60599
     0 | D:5      | 0 ||| qw: Game counter: 7486
     0 | D:5      | 0 ||| qw: Always use a shield: true
     0 | D:5      | 0 ||| qw: God list: Okawaru
     0 | D:5      | 0 ||| qw: Allow faded altars: false
     0 | D:5      | 0 ||| qw: Do Orc after D:15 true
     0 | D:5      | 0 ||| qw: Do second Lair branch before Depths: true
     0 | D:5      | 0 ||| qw: Lair rune preference: random
     0 | D:5      | 0 ||| qw: Plans: Normal
     0 | D:5      | 0 ||| PLANNING D:1-11
    30 | D:5      | Found an ornate altar of the Wu Jian Council.
    56 | D:5      | HP: 3/14 [adder (1)]
    61 | D:5      | Reached XP level 2. HP: 4/19 MP: 2/2
   319 | D:5      | 319 ||| READING scroll labelled OTIWUUM BANYN.
   320 | D:5      | 320 ||| DROPPING scroll of fog.
   321 | D:5      | 321 ||| DROPPING scroll of magic mapping.
   322 | D:5      | 322 ||| DROPPING scroll of fear.
   541 | D:3      | 541 ||| Stepping ~*~*~tactically~*~*~ (stealth).
   543 | D:3      | 543 ||| Stepping ~*~*~tactically~*~*~ (stealth).
   545 | D:3      | 545 ||| Stepping ~*~*~tactically~*~*~ (stealth).
   626 | D:3      | HP: 1/19 [orc/+0 mace (6)]
   626 | D:3      | Slain by an orc

Levels and vault maps discovered:
D:3:      layout_basic, overflow_temple_1_default
D:4:      layout_basic, kiku_gazebo_pond_becter,
          nicolae_dithmenos_shadow_blocks, mainiacjoe_overflow_cross_hatched,
          serial_bayou, serial_bayou_pond_c, serial_bayou_pond_d,
          serial_bayou_lagoon_a, serial_bayou_pond_d
D:5:      layout_loops_ring, nicolae_wu_jian_wuxing_cycle,
          minmay_temple_entry_antechambers

Skill      XL: |  1 |
---------------+----+-----
Axes           | 2 |  2.6
Fighting       | |  3.2
Dodging        | |  1.5
Stealth        | |  5.4

Action                   || total
-------------------------++-------
Melee: Hand axe          ||    28
       Punch             ||     1
  Use: Scroll            ||     1
Armor: Leather armour    ||     9
Dodge: Dodged            ||    15

Table legend:
 A = Non-vault XP
 B = Vault XP
 C = Vault XP percentage of total XP
 D = Non-vault monster count
 E = Vault monster count
 F = Vault count percentage of total count
                 A         B        C        D         E       F
            +---------+---------+-------+---------+---------+-------
      Total |      17 |       0 |   0.0 |       2 |       0 |   0.0
            +---------+---------+-------+---------+---------+-------
        D:3 |       4 |       0 |   0.0 |       1 |       0 |   0.0
        D:5 |      13 |       0 |   0.0 |       1 |       0 |   0.0
            +---------+---------+-------+---------+---------+-------
